 Dungeon Crawl Stone Soup version 0.22-a0-414-gacd343e (webtiles) character file.

4144 w00t the Cleaver (level 10, -17/79 HPs)
             Began as a Barachi Fighter on May 14, 2018.
             Was a Believer of the Shining One.
             Killed from afar by a fire dragon (40 damage)
             ... with a blast of flame
             ... on level 9 of the Dungeon.
             The game lasted 00:15:45 (9531 turns).

w00t the Cleaver (Barachi Fighter)                  Turns: 9531, Time: 00:15:46

Health: -17/79     AC: 15    Str: 20    XL:     10   Next: 27%
Magic:  0/10       EV: 11    Int:  9    God:    the Shining One [**....]
Gold:   550        SH:  5    Dex: 12    Spells: 8/9 levels left

rFire    . . .     SeeInvis .   a - +0 war axe
rCold    . . .     Gourm    .   A - +0 buckler
rNeg     + . .     Faith    .   g - +0 plate armour
rPois    +         Spirit   +   (no helmet)
rElec    .         Reflect  .   J - +0 cloak
rCorr    .         Harm     .   B - +0 pair of gloves
MR       .....                  (no boots)
Stlth    ..........             K - amulet of guardian spirit {Spirit}
HPRegen  0.23/turn              z - +4 ring of evasion
MPRegen  0.12/turn              N - ring of poison resistance {rPois, !d}

@: glowing, slow
A: +LOS, swims, slowness 1, strong legs 1
a: Hop, Divine Shield, Renounce Religion


You were on level 9 of the Dungeon.
You worshipped the Shining One.
The Shining One was pleased with you.
You were not hungry.

You visited 2 branches of the dungeon, and saw 10 of its levels.

You collected 550 gold pieces.

Inventory:

Hand Weapons
 a - a +0 war axe (weapon)
 b - a +1 mace of protection
 H - a +1 falchion of draining
 I - a +0 flail
Missiles
 d - 15 tomahawks (quivered)
 e - 373 stones
 y - 58 sling bullets
 G - 5 tomahawks of returning
Armour
 c - a +0 shield
 g - a +0 plate armour (worn)
 A - a +0 buckler (worn)
 B - a +0 pair of gloves (worn)
 J - a +0 cloak (worn)
Jewellery
 z - a +4 ring of evasion (left hand)
 C - an uncursed ring of resist corrosion
 K - an amulet of guardian spirit (around neck) {Spirit}
 N - a ring of poison resistance (right hand) {rPois, !d}
Wands
 F - a wand of polymorph (21)
 L - a wand of disintegration (2)
Scrolls
 h - 2 scrolls of immolation {unknown}
 l - 4 scrolls of enchant weapon {unknown}
 o - 4 scrolls of teleportation {unknown}
 q - a scroll of noise {unknown}
 s - 2 scrolls of fog {unknown}
 t - 6 scrolls of identify {unknown}
 v - 2 scrolls of amnesia {unknown}
 w - 2 scrolls of blinking {unknown}
 x - 2 scrolls of remove curse {unknown}
 D - a scroll of enchant armour {unknown}
Potions
 f - 2 potions of degeneration {unknown}
 i - a potion of magic {unknown}
 j - a potion of haste
 k - 2 potions of lignification {unknown}
 m - 4 potions of heal wounds {unknown}
 n - 4 potions of flight {unknown}
 p - a potion of mutation {unknown}
 u - 7 potions of curing {@q1}
 E - a potion of brilliance {unknown}
 M - a potion of might
 O - a potion of agility
Comestibles
 r - 12 rations
 P - 5 chunks of flesh


   Skills:
 + Level 7.1 Fighting
 * Level 12.4 Axes
 - Level 3.0 Throwing
 + Level 7.1 Armour
 - Level 3.1 Dodging
 - Level 4.1 Shields
 + Level 0.6 Invocations


You had 8 spell levels left.
You knew the following spells:

 Your Spells              Type           Power        Failure   Level  Hunger
b - Beastly Appendage     Tmut           #.....       100%        1    ##.....

Your spell library contained the following spells:

 Spells                   Type           Power        Failure   Level  Hunger
 Apportation              Tloc           #.....       100%        1    ##.....
 Summon Small Mammal      Summ           #...         100%        1    ##.....
 Animate Skeleton         Necr           N/A          100%        1    ##.....
 Spider Form              Tmut/Pois      #.........   100%        3    ####...
 Blade Hands              Tmut           #.........   100%        5    ######.
 Ice Form                 Ice/Tmut       #.......     100%        4    #####..
 Confusing Touch          Hex            #.....       100%        1    ##.....
 Sticks to Snakes         Tmut           #.......     100%        2    ###....


Dungeon Overview and Level Annotations

Branches:
Dungeon (9/15)             Temple (1/1) D:6            Lair (0/6) D:8
    Orc: D:9-12

Altars:
Ashenzari
Cheibriados
Dithmenos
Elyvilon
Fedhas
Gozag
Hepliaklqana
Kikubaaqudgha
Makhleb
Nemelex Xobeh
Okawaru
Qazlal
Ru
Sif Muna
Trog
Uskayaw
Vehumet
Wu Jian
Xom
Yredelemnul
Zin
The Shining One

Shops:
D:6 (*

Annotations:
D:1 exclusion: downstairs
D:2 exclusion: downstairs
D:5 exclusion: 2 downstairs
D:6 Dowan, Duvessa


Innate Abilities, Weirdness & Mutations

Shadows flee at your approach. (+LOS)
You can swim through water.
You cover ground slowly.
You can hop short distances.


Message History

d - 15 tomahawks (gained 1)
A fire dragon comes into view.
The fire dragon roars deafeningly!
Found 16 gold pieces.
The fire dragon breathes flames at you. The blast of flame hits you!
* * * LOW HITPOINT WARNING * * *
You hear an angry hiss.
Found 37 gold pieces and a scroll labeled WEURUY NEACLOO.
A lava snake comes into view.
The lava snake hisses angrily.
A lava snake comes into view.
Some of the chunks of flesh in your inventory have rotted away.
The fire dragon breathes flames at you. The blast of flame hits you!
* * * LOW HITPOINT WARNING * * *
The fire dragon breathes flames at you. The blast of flame hits you!
Ouch! That really hurt!
You die...

### # #.. # #.#
# #.# # #.# #
#.# ###### #
#.# #....### #
#.######.##.@.#
#
#.....##.####.#
# #.###....#
#.# #####.#
###### #.#
......# #.##
...#### #.D#
##.# ##.# #.#
#.# #.# #.##


You could see a fire dragon.

Vanquished Creatures
  A two-headed ogre (D:9)
  The ghost of ZhaorenwRandom the Vandal, an amateur HaAM (D:4)
  A shadow (D:8)
  Eustachio (D:4)
  A hungry ghost (D:7)
  2 hell hounds (D:8)
  A black bear (D:7)
  3 ice beasts
  2 ogres
  2 centaurs
  A crocodile (D:9)
  6 bullfrogs
  A scorpion (D:6)
  5 killer bees (D:7)
  2 centaur zombies
  A crimson imp (D:9)
  2 jellies
  Crazy Yiuf (D:6)
  6 hounds
  A bullfrog skeleton (D:7)
  3 orc priests
  3 iguanas
  Natasha (thrice) (D:4)
  Terence (D:3)
  5 orc wizards
  4 worker ants
  A killer bee zombie (D:9)
  A worker ant zombie (D:7)
  5 gnolls
  17 adders
  A shadow imp (D:5)
  2 oozes
  An adder zombie (D:9)
  A worm (D:3)
  3 dart slugs
  7 leopard geckos
  28 orcs
  6 giant cockroaches
  7 goblins
  5 hobgoblins
  3 jackals (D:7)
  2 quokkas
  10 bats
  8 frilled lizards
  2 giant cockroach zombies (D:5)
  8 kobolds
  A leopard gecko skeleton (D:4)
  10 rats
189 creatures vanquished.

Notes
Turn   | Place    | Note
-------+----------+-------------------------------------------
     0 | D:1      | w00t the Barachi Fighter began the quest for the Orb.
     0 | D:1      | Reached XP level 1. HP: 18/18 MP: 1/1
   158 | D:1      | Reached XP level 2. HP: 25/25 MP: 2/2
   283 | D:1      | Reached skill level 3 in Axes
   655 | D:1      | Reached XP level 3. HP: 30/30 MP: 3/3
  1758 | D:2      | Reached skill level 4 in Axes
  1758 | D:2      | Reached XP level 4. HP: 32/38 MP: 4/4
  2085 | D:2      | Found a faded altar of an unknown god.
  2571 | D:3      | Noticed Terence
  2584 | D:3      | Reached skill level 1 in Dodging
  2584 | D:3      | Reached XP level 5. HP: 43/43 MP: 5/5
  2597 | D:3      | Killed Terence
  2766 | D:3      | Noticed a centaur
  2775 | D:3      | Killed a centaur
  2775 | D:3      | Reached XP level 6. HP: 29/50 MP: 6/6
  3041 | D:3      | Reached skill level 5 in Axes
  3086 | D:3      | Reached skill level 5 in Fighting
  3550 | D:4      | Noticed Eustachio
  3601 | D:4      | Killed Eustachio
  3601 | D:4      | Reached XP level 7. HP: 37/56 MP: 7/7
  3870 | D:4      | Noticed Natasha
  3885 | D:4      | Reached skill level 5 in Armour
  3897 | D:4      | Killed Natasha
  3897 | D:4      | Reached skill level 6 in Axes
  4378 | D:4      | Noticed ZhaorenwRandom's ghost (amateur HaAM)
  4395 | D:4      | Killed ZhaorenwRandom's ghost
  4395 | D:4      | Reached skill level 7 in Axes
  4532 | D:4      | Reached XP level 8. HP: 54/62 MP: 8/8
  4632 | D:4      | Noticed Natasha
  4641 | D:4      | Killed Natasha
  4722 | D:4      | Noticed Natasha
  4736 | D:4      | Killed Natasha
  4825 | D:5      | Entered Level 5 of the Dungeon
  4843 | D:5      | Found a sparkling altar of Nemelex Xobeh.
  5001 | D:5      | Reached skill level 8 in Axes
  5490 | D:5      | Found a basalt altar of Yredelemnul.
  5754 | D:5      | Reached skill level 9 in Axes
  5934 | D:6      | Learned a level 1 spell: Beastly Appendage
  5956 | D:6      | Found a runed door.
  5960 | D:6      | Noticed Crazy Yiuf
  5970 | D:6      | Killed Crazy Yiuf
  6137 | D:6      | Noticed Duvessa
  6146 | D:6      | Noticed Dowan
  6428 | D:6      | Reached skill level 1 in Throwing
  6501 | D:6      | Found Utticw's Elemental Accessories.
  6591 | D:6      | Found Denur's Antique Weapon Shop.
  6757 | D:6      | Found a staircase to the Ecumenical Temple.
  6828 | Temple   | Entered the Ecumenical Temple
  6958 | Temple   | Became a worshipper of the Shining One
  7177 | D:6      | Reached skill level 10 in Axes
  7242 | D:7      | Reached XP level 9. HP: 61/68 MP: 9/9
  7806 | D:7      | Reached * piety under the Shining One
  7810 | D:7      | Reached skill level 11 in Axes
  8481 | D:8      | Found a staircase to the Lair.
  9122 | D:9      | Noticed a two-headed ogre
  9136 | D:9      | Killed a two-headed ogre
  9136 | D:9      | Reached skill level 12 in Axes
  9136 | D:9      | Reached XP level 10. HP: 67/77 MP: 8/10
  9357 | D:9      | Reached ** piety under the Shining One
  9515 | D:9      | Noticed a fire dragon
  9531 | D:9      | Killed from afar by a fire dragon

Vault maps used:
D:1:      dpeg_arrival_lava_temple_mockup
D:2:      chequers_ecumenical_altar_grove, kennysheep_boxes
D:3:      minmay_surrounded, uniq_terence
D:4:      kennysheep_big_flooded_room, first_ration, minmay_misc_feat_square,
          dk_vineyard_2, uniq_natasha, uniq_eustachio
D:5:      lemuel_round_altar, basic_altar
D:6:      minmay_temple_entry_trees, serial_shops, shop, nicolae_elemental_shop,
          uniq_duvessa, uniq_crazy_yiuf_cottage
D:8:      minmay_lair_entry_lava
D:9:      dragon1_lemuel, grunt_livestock
Temple:   compressed_dpeg_triangle_lava_temple

Skill      XL: |  1  2  3  4  5  6  7  8  9 10 |
---------------+-------------------------------+-----
Axes           | 3 4 5 7 10 12 | 12.4
Fighting       | 4 5 6 7 |  7.1
Dodging        | 1 2 3 |  3.1
Armour         | 4 5 6 7 |  7.1
Shields        | 4 |  4.1
Throwing       | 2 3 |  3.0
Invocations    | |  0.6

Action                   |  1- 3 |  4- 6 |  7- 9 | 10-12 || total
-------------------------+-------+-------+-------+-------++-------
Melee: War axe           |   115 |   180 |   427 |    45 ||   767
       Falchion          |       |    35 |       |       ||    35
       Flail             |       |       |    15 |       ||    15
Throw: Stone             |    22 |    29 |    28 |       ||    79
       Tomahawk          |       |       |    99 |     8 ||   107
 Abil: Hop               |       |     1 |     1 |       ||     2
Evoke: Wand              |       |       |     6 |       ||     6
  Use: Potion            |       |       |     2 |       ||     2
  Eat: Chunk             |     3 |     6 |    20 |     1 ||    30
       Ration            |       |       |     1 |       ||     1
Armor: Scale mail        |    50 |       |       |       ||    50
       Plate armour      |    50 |   155 |   187 |     9 ||   401
       Skin              |       |       |     8 |       ||     8
Dodge: Dodged            |    33 |    50 |   208 |    10 ||   301
Block: Shield            |    76 |   131 |    38 |       ||   245
       Buckler           |       |       |    76 |    10 ||    86
       Rpst.: Falchion   |       |     7 |       |       ||     7

Table legend:
 A = Spawn XP
 B = Non-spawn XP
 C = Spawn XP percentage of total XP
 D = Spawn monster count
 E = Non-spawn monster count
 F = Spawn count percentage of total count
 G = Total turns spent on level
                    A         B        C        D         E        F      G
               +---------+---------+-------+---------+---------+-------+---------
         Total |       0 |    5921 |   0.0 |       0 |     189 |   0.0 |  9531
               +---------+---------+-------+---------+---------+-------+---------
           D:1 |       0 |      53 |   0.0 |       0 |      25 |   0.0 |  1479
           D:2 |       0 |      93 |   0.0 |       0 |      25 |   0.0 |   925
           D:3 |       0 |     310 |   0.0 |       0 |      30 |   0.0 |  1125
           D:4 |       0 |     813 |   0.0 |       0 |      28 |   0.0 |  1296
           D:5 |       0 |     436 |   0.0 |       0 |      20 |   0.0 |  1364
           D:6 |       0 |     590 |   0.0 |       0 |      12 |   0.0 |   884
           D:7 |       0 |    1081 |   0.0 |       0 |      20 |   0.0 |  1157
           D:8 |       0 |    1127 |   0.0 |       0 |      15 |   0.0 |   751
           D:9 |       0 |    1418 |   0.0 |       0 |      14 |   0.0 |   409
               +---------+---------+-------+---------+---------+-------+---------
